 Dungeon Crawl Stone Soup version 0.31.0-11-ge490571c62 (webtiles) character file.

Game seed: 12638111429804498479

9315 Strat the Fighter (level 11, -9/74 HPs)
             Began as a Gargoyle Reaver on Jan 31, 2024.
             Was an Elder of Vehumet.
             Mangled by Fannar
             ... wielding a staff of cold
              (33 damage)
             ... on level 10 of the Dungeon.
             The game lasted 00:35:41 (9653 turns).

Strat the Fighter (Gargoyle Reaver)                 Turns: 9653, Time: 00:35:41

Health: -9/74      AC: 22    Str: 15    XL:     11   Next: 44%
Magic:  15/24      EV: 11    Int: 19    God:    Vehumet [****..]
Gold:   667        SH:  0    Dex:  8    Spells: 19/28 levels left

rFire   . . .        b - +1 flail
rCold   . . .        (no shield)
rNeg    + . .        I - +5 robe of Night {Dark Will+ SInv}
rPois   ∞            o - +1 helmet
rElec   +            (no cloak)
rCorr   .            z - +0 pair of gloves
SInv    +            (no boots)
Will    +....        f - amulet of Vitality {RegenMP++ Regen++}
Stlth   ++           E - +4 ring of protection
HPRegen 1.92/turn    v - ring of wizardry
MPRegen 0.99/turn

%: wizardry (x1)
@: about to teleport
A: sickness immunity, AC +8, negative energy resistance 1, electricity
resistance, torment resistance 1, petrification resistance
a: Renounce Religion


You were on level 10 of the Dungeon.
You worshipped Vehumet.
Vehumet was greatly pleased with you.
You visited 1 branch of the dungeon, and saw 10 of its levels.

You collected 667 gold pieces.

Inventory:

Hand Weapons
 b - a +1 flail (weapon)
 A - a +0 morningstar
Missiles
 d - 115 stones (quivered)
 x - 5 javelins
Armour
 j - a +0 robe
 m - a +1 ring mail
 o - a +1 helmet (worn)
 z - a +0 pair of gloves (worn)
 I - the +5 robe of Night (worn) {Dark Will+ SInv}
   (You found it on level 9 of the Dungeon)

   Dark:      It shrouds the wearer in darkness, reducing the range at which
   they can see and be seen by others.
   Will+:     It increases your willpower.
   SInv:      It lets you see invisible.
 J - a scarf of repulsion
Jewellery
 a - a ring of magical power
 e - an amulet of reflection
 f - the amulet of Vitality (around neck) {RegenMP++ Regen++}
   (You acquired it on level 4 of the Dungeon)

   [amulet of magic regeneration]

   RegenMP:   It increases your rate of magic regeneration.
   Regen++:   It increases your rate of health regeneration.
 v - a ring of wizardry (right hand)
 E - a +4 ring of protection (left hand)
Wands
 r - a wand of flame (13)
 y - a wand of iceblast (2)
 B - a wand of paralysis (3)
Scrolls
 g - 2 scrolls of revelation
 t - 2 scrolls of amnesia
 C - a scroll of torment
 D - a scroll of identify
 F - a scroll of poison
 G - a scroll of enchant armour
Potions
 h - a potion of resistance {unknown}
 k - 2 potions of berserk rage
 l - 2 potions of enlightenment
 n - 2 potions of mutation
 p - 3 potions of might
 q - 2 potions of lignification
 s - 2 potions of brilliance
 u - a potion of attraction {unknown}
 w - a potion of heal wounds {unknown}


   Skills:
 + Level 11.2 Fighting
 - Level 5.0 Maces & Flails
 - Level 1.5 Dodging
 + Level 2.3 Stealth
 + Level 9.2 Spellcasting
 - Level 10.0 Conjurations
 - Level 4.4 Fire Magic


You had 19 spell levels left.
You knew the following spells:

 Your Spells              Type           Power      Damage    Failure   Level
a - Scorch                Fire           50%        2d7       1%          2
b - Momentum Strike       Conj/Tloc      54%        3d9       1%          2
c - Flame Wave            Conj/Fire      36%        2d10      1%          4
d - Kiss of Death         Conj/Necr      100%       2d13      1%          1

Your spell library contained the following spells:

 Spells                   Type           Power      Damage    Failure   Level
 Fireball                 Conj/Fire      18%        3d9       1%          5
 Shock                    Conj/Air       100%       1d9       1%          1
 Hailstorm                Conj/Ice       27%        3d8       1%          3
 Irradiate                Conj/Alch      13%        3d16      3%          5
 Ensorcelled Hibernation  Hex/Ice        16%        N/A       4%          2
 Airstrike                Air            4%         2d(1-17)  9%          4
 Fugue of the Fallen      Necr           8%         N/A       10%         3
 Ozocubu's Armour         Ice            8%         N/A       10%         3
 Summon Ice Beast         Ice/Summ       8%         N/A       10%         3
 Swiftness                Air            8%         N/A       10%         3
 Anguish                  Hex/Necr       4%         N/A       32%         4
 Petrify                  Alch/Erth      8%         N/A       32%         4
 Metabolic Englaciation   Hex/Ice        4%         N/A       63%         5
 Sculpt Simulacrum        Ice/Alch       4%         N/A       99%         6
 Summon Cactus Giant      Summ           4%         N/A       99%         6
 Sublimation of Blood     Necr           Unusable   N/A       N/A         2

Dungeon Overview and Level Annotations

Branches:
Dungeon (10/15)            Temple (0/1) D:4            Lair (0/5) D:9
    Orc: D:9-12

Altars:
Cheibriados
Kikubaaqudgha
Nemelex Xobeh
Vehumet

Shops:
D:9 [

Annotations:
D:4 2 runed translucent doors, pigah's ghost, amateur OpSh
D:6 Edmund
D:10 1 transporter, Fannar


Innate Abilities, Weirdness & Mutations

You are immune to sickness and miasma.
Your stone body is resilient. (AC +8)
You are immune to poison.
You resist negative energy. (rN+)
You are resistant to electric shocks. (rElec)
You are resistant to unholy torment.
You are immune to petrification.


Message History

A vampire comes into view.
Casting: Flame Wave (mildly dangerous; 1% risk of failure)
Confirm with . or Enter, or press ? or * to list all spells.
Casting: Flame Wave (mildly dangerous; 1% risk of failure)
Press: ? - help, Dir - look around, f - activate A wave of flame ripples out!
The flame wave engulfs Fannar.
Fannar is heavily wounded. (Press . to intensify the flame waves.) Grum hits you but does no damage.
Fannar hits you but does no damage. Fannar freezes you!
* * * LOW HITPOINT WARNING * * *
A wave of flame ripples out!
The flame wave engulfs Fannar!
Fannar is severely wounded.
The flame wave engulfs the ice beast!
The ice beast melts!
The ice beast is moderately wounded.
The flame wave engulfs Grum!
You kill Grum!
Vehumet accepts your kill.
You feel your power returning. Fannar hits you but does no damage.
Fannar freezes you!
* * * LOW HITPOINT WARNING * * *
A wave of flame ripples out!
The flame wave engulfs Fannar.
Fannar is almost dead.
The flame wave engulfs the ice beast!!
The ice beast melts!
The ice beast is almost dead.
The flame wave engulfs the vampire.
The vampire is lightly damaged.
Fannar points at you and mumbles some strange words.
The bolt of cold hits you!
* * * LOW HITPOINT WARNING * * *
The vampire mumbles some strange words.
The vampire flickers and vanishes for a moment.
Blink to where?
Press: ? - help, Dir - move target
As you read the scroll of blinking, it crumbles to dust.
As you read the scroll of teleportation, it crumbles to dust.
You feel strangely unstable.
Fannar gestures wildly while chanting.
Fannar drains the heat from the surrounding environment!
You die...

.. #..PP.... ..#
#.....8.. #.#
#..P.8... #.#
+.....8## ..
#.######........ ..#
#.Y†Ve....@.....
..#####.V########.....
....>....# #####
.........# .........#
..##.....# ...+.....#
...#.....# ...#......#


You could see Fannar.

Vanquished Creatures
  A two-headed ogre (D:9)
  A centaur zombie (D:10)
  A kobold demonologist (D:9)
  An unseen horror zombie (D:10)
  6 dream sheep (D:9)
  3 shadows
  A wraith (D:9)
  16 yaks
  2 steam dragons
  Grum (D:10)
  A water moccasin (D:6)
  A black bear (D:7)
  2 ice beasts
  An orc warrior (D:9)
  3 wolves (D:10)
  An ogre (D:7)
  3 centaurs
  8 kobold brigands
  3 bullfrogs
  A scorpion (D:5)
  8 wights
  3 killer bees (D:9)
  6 electric eels
  A bombardier beetle (D:5)
  A sleepcap (D:6)
  5 orc priests
  5 hounds
  8 iguanas
  4 orc wizards
  5 adders
  4 shadow imps
  4 ufetubi
  2 dart slugs
  A ribbon worm (D:3)
  16 orcs
  8 bats
  2 endoplasms
  4 giant cockroaches
  3 goblins
  5 hobgoblins
  10 jackals
  4 quokkas
  8 ball pythons
  5 frilled lizards
  46 kobolds
  9 kobold skeletons (D:9)
  9 kobold zombies (D:9)
  4 rats
247 creatures vanquished.

Notes
Turn   | Place    | Note
-------+----------+-------------------------------------------
     0 | D:1      | Strat the Gargoyle Reaver began the quest for the Orb.
     0 | D:1      | Reached XP level 1. HP: 12/12 MP: 3/3
   453 | D:1      | Reached XP level 2. HP: 18/18 MP: 5/5
   456 | D:1      | Learned a level 2 spell: Momentum Strike
  1304 | D:2      | Reached XP level 3. HP: 22/22 MP: 1/6
  1717 | D:2      | Found a faded altar of an unknown god.
  1982 | D:2      | Reached XP level 4. HP: 27/27 MP: 4/7
  2227 | D:3      | Noticed an ice beast
  2579 | D:3      | Reached skill level 5 in Conjurations
  2896 | D:3      | Reached XP level 5. HP: 31/31 MP: 9/9
  2903 | D:3      | Learned a level 5 spell: Irradiate
  2950 | D:3      | Found a radiant altar of Vehumet.
  2964 | D:3      | Became a worshipper of Vehumet
  3345 | D:4      | Found a runed translucent door.
  3494 | D:4      | Identified a scroll of acquirement
  3494 | D:4      | Acquired the amulet of Vitality {RegenMP++ Regen++}
  3494 | D:4      | Found the amulet of Vitality {RegenMP++ Regen++}
  3494 | D:4      | Noticed an ogre
  3730 | D:4      | Found a staircase to the Ecumenical Temple.
  3864 | D:4      | Found a runed translucent door.
  3866 | D:4      | Noticed pigah's ghost (amateur OpSh)
  4150 | D:3      | Killed an ice beast
  4151 | D:3      | Reached XP level 6. HP: 30/36 MP: 9/11
  4389 | D:1      | Learned a level 2 spell: Scorch
  4454 | D:3      | Reached skill level 1 in Fire Magic
  4629 | D:5      | Entered Level 5 of the Dungeon
  4771 | D:5      | Reached XP level 7. HP: 13/40 MP: 7/12
  5341 | D:6      | Reached skill level 3 in Fighting
  5356 | D:6      | Reached * piety under Vehumet
  5356 | D:6      | Offered knowledge of Sting by Vehumet.
  5432 | D:6      | Found a sparkling altar of Nemelex Xobeh.
  5643 | D:6      | Noticed Edmund
  5728 | D:6      | Noticed a steam dragon
  5731 | D:6      | Killed a steam dragon
  5732 | D:6      | Reached skill level 4 in Fighting
  5732 | D:6      | Reached XP level 8. HP: 45/48 MP: 14/14
  5995 | D:6      | Reached skill level 5 in Fighting
  5995 | D:6      | Reached skill level 5 in Maces & Flails
  6131 | D:7      | Learned a level 4 spell: Flame Wave
  6371 | D:7      | Offered knowledge of Foxfire by Vehumet.
  6488 | D:7      | Reached skill level 6 in Fighting
  6492 | D:7      | Reached ** piety under Vehumet
  6501 | D:7      | Reached XP level 9. HP: 55/55 MP: 16/16
  6533 | D:7      | Reached skill level 5 in Spellcasting
  6795 | D:8      | Identified the amulet "Eluqoc" {Harm rC- Regen+ Str+3}
  7282 | D:8      | Noticed a komodo dragon
  7624 | D:8      | Reached skill level 7 in Fighting
  8371 | D:8      | Offered knowledge of Inner Flame by Vehumet.
  8374 | D:8      | Reached skill level 8 in Fighting
  8406 | D:8      | Reached XP level 10. HP: 58/64 MP: 18/19
  8467 | D:9      | Reached *** piety under Vehumet
  8493 | D:9      | Noticed a two-headed ogre
  8572 | D:9      | Noticed a two-headed ogre
  8588 | D:9      | Killed a two-headed ogre
  8677 | D:9      | Found a snail-covered altar of Cheibriados.
  8677 | D:9      | Found Cheibriados's Comfort Zone.
  8699 | D:9      | Found a staircase to the Lair.
  8746 | D:9      | Reached skill level 9 in Fighting
  8794 | D:9      | Offered knowledge of Frozen Ramparts by Vehumet.
  8798 | D:9      | Reached skill level 10 in Conjurations
  8900 | D:9      | Reached skill level 10 in Fighting
  8988 | D:9      | Reached **** piety under Vehumet
  8988 | D:9      | Noticed a kobold demonologist
  9012 | D:9      | Killed a kobold demonologist
  9013 | D:9      | Reached XP level 11. HP: 72/72 MP: 18/23
  9035 | D:9      | Offered knowledge of Fireball by Vehumet.
  9386 | D:9      | Found the +5 robe of Night {Dark Will+ SInv}
  9458 | D:9      | Found an ancient bone altar of Kikubaaqudgha.
  9596 | D:10     | Entered Level 10 of the Dungeon
  9596 | D:10     | Found a transporter.
  9601 | D:10     | Noticed a centaur warrior
  9626 | D:10     | Reached skill level 11 in Fighting
  9632 | D:10     | Reached skill level 1 in Stealth
  9638 | D:10     | Noticed Fannar
  9641 | D:10     | Noticed Grum
  9649 | D:10     | Killed Grum
  9653 | D:10     | Mangled by Fannar

Illustrated notes

Levels and vault maps discovered:
D:1:      kilobyte_arrival_exit_the_forest, layout_basic,
          chequers_serial_rivers_room_b, roderic_lattice_a, nrook_mini_vaults
D:2:      layout_basic, serial_corexii_hall, corexii_hall_statues_l,
          corexii_hall_statues_i, shapermc_ecumenical_altar_notcrosses
D:3:      layout_basic, mainiacjoe_overflow_catwalk, serial_bayou_pond_d,
          minmay_misc_feat_roman
D:4:      layout_rooms, minmay_temple_entry_purple_smoke, ebering_ghost_sewer_f
D:5:      layout_cave_pools, chequers_serial_rivers_room_a
D:6:      layout_loops_ring, mainiacjoe_overflow_paths, serial_bayou_lagoon_a,
          uniq_edmund
D:7:      layout_basic
D:8:      layout_basic, minmay_lizard_king
D:9:      wander_kiku_kobolds, layout_basic, minmay_shop_chei,
          grunt_ministairs_9, hellmonk_guarded_unrand_night
D:10:     layout_irregular_city, minmay_overflow_temple_hex, serial_undead,
          serial_undead_e, serial_undead_c, serial_undead_f, serial_undead_f,
          gammafunk_ghost_arena, uniq_grum, uniq_harold, uniq_fannar

Skill      XL: |  1  2  3  4  5  6  7  8  9 10 11 |
---------------+----------------------------------+-----
Conjurations   | 4 5 6 7 8 10 | 10.0
Spellcasting   | 3 4 6 8 9 |  9.2
Fire Magic     | 3 4 |  4.4
Fighting       | 4 6 8 10 11 | 11.2
Maces & Flails | 4 5 |  5.0
Stealth        | 2 |  2.3
Dodging        | |  1.5

Action                     |  1- 3 |  4- 6 |  7- 9 | 10-12 || total
---------------------------+-------+-------+-------+-------++-------
  Melee: Mace              |    98 |   155 |    12 |       ||   265
         Punch             |     1 |     3 |     2 |     1 ||     7
         Flail             |       |       |    44 |   196 ||   240
  Throw: Stone             |     4 |       |       |       ||     4
   Cast: Momentum Strike   |     4 |    23 |    23 |     1 ||    51
         Kiss of Death     |       |     2 |       |       ||     2
         Scorch            |       |       |   149 |    57 ||   206
         Flame Wave        |       |       |       |    20 ||    20
  Evoke: Wand              |       |       |     2 |     2 ||     4
    Use: Scroll            |       |    11 |    13 |     2 ||    26
         Potion            |       |     1 |     4 |     1 ||     6
 Armour: Leather armour    |    58 |    66 |       |       ||   124
         Ring mail         |       |    47 |       |       ||    47
         Robe              |       |    39 |   133 |   228 ||   400
  Dodge: Dodged            |    73 |   107 |    89 |   135 ||   404
